 Dungeon Crawl Stone Soup version 0.23.0 (webtiles) character file.

Game seed: 4131187224150511203

39 luckybrn567 the Conjurer (level 3, 0/26 HPs)
             Began as a Demigod Conjurer on Feb 17, 2019.
             Succumbed to an adder's poison
             ... on level 2 of the Dungeon.
             The game lasted 00:10:49 (1281 turns).

luckybrn567 the Conjurer (Demigod Conjurer)         Turns: 1281, Time: 00:10:49

Health: 0/26       AC:  3    Str: 11    XL:     3   Next: 11%
Magic:  0/8        EV: 12    Int: 21    God:
Gold:   81         SH:  0    Dex: 16    Spells: 3/6 levels left

rFire    . . .     SeeInvis .   b - +0 dagger
rCold    . . .     Gourm    .   (no shield)
rNeg     . . .     Faith    .   g - +0 leather armour (curse)
rPois    .         Spirit   .   (no helmet)
rElec    .         Reflect  .   (no cloak)
rCorr    .         Harm     .   (no gloves)
MR       .....                  (no boots)
Stlth    ++........             (no amulet)
HPRegen  0.08/turn              (no ring)
MPRegen  0.11/turn              (no ring)

@: lethally poisoned (0 -> -13), very slightly contaminated
A: high mp 1
a: no special abilities


You were on level 2 of the Dungeon.
You were not hungry.

You visited 1 branch of the dungeon, and saw 2 of its levels.

You collected 81 gold pieces.

Inventory:

Hand Weapons
 b - a +0 dagger (weapon)
Armour
 a - a +0 robe
 d - a cursed +0 ring mail
 e - a +0 ring mail
 g - a cursed +0 leather armour (worn)


   Skills:
 + Level 0.1 Fighting
 + Level 1.1 Short Blades
 + Level 2.1 Dodging
 + Level 1.8 Stealth
 + Level 2.1 Spellcasting
 + Level 4.0 Conjurations


You had 3 spell levels left.
You knew the following spells:

 Your Spells              Type           Power        Failure   Level  Hunger
a - Magic Dart            Conj           ###.         3%          1    #......
b - Searing Ray           Conj           ###...       5%          2    ##.....

Your spell library contained the following spells:

 Spells                   Type           Power        Failure   Level  Hunger
 Dazzling Spray           Conj/Hex       ##....       26%         3    ###....
 Iskenderun's Mystic Bla  Conj           ###.....     36%         4    #####..
 Force Lance              Conj/Tloc      ##......     63%         4    #####..
 Fulminant Prism          Conj/Hex       ##........   63%         4    #####..


Dungeon Overview and Level Annotations

Branches:
Dungeon (2/15)


Innate Abilities, Weirdness & Mutations

You have an increased reservoir of magic. (+10% MP)


Message History

Aim: an adder (heavily wounded)
The magic dart hits the adder.
The adder is severely wounded.
* * * LOW HITPOINT WARNING * * *
You feel sick. The adder bites you.
* * * LOW HITPOINT WARNING * * *
* * * LOW HITPOINT WARNING * * *
You feel sick. The adder barely misses you. The adder bites you.
* * * LOW HITPOINT WARNING * * *
Casting: Magic Dart (safe; 3% risk of failure)
Confirm with . or Enter, or press ? or * to list all spells.
You don't have enough magic to cast that spell.
You hit the dart slug.
The dart slug is moderately wounded.
* * * LOW HITPOINT WARNING * * *
You feel sick. The adder bites you but does no damage.
The dart slug closely misses you.
You hit the dart slug.
The dart slug is moderately wounded.
You die...

..........>...#
.....##.......#
... #.......# .
#.......#
#.......#
#.......#
#.......#
#.......#
########@......#
#......Sw......#
#!....†.)......#
..........######
..........#
..........#
........!.#
..........#
..........#


You could see an adder and a dart slug.

Vanquished Creatures
  An adder (D:2)
  A dart slug (D:1)
  A leopard gecko (D:1)
  2 giant cockroaches (D:1)
  3 goblins
  4 hobgoblins (D:1)
  5 kobolds
  5 bats
  3 rats (D:1)
25 creatures vanquished.

Notes
Turn   | Place    | Note
-------+----------+-------------------------------------------
     0 | D:1      | luckybrn567 the Demigod Conjurer began the quest for the
                  | Orb.
     0 | D:1      | Reached XP level 1. HP: 14/14 MP: 5/5
   285 | D:1      | Reached XP level 2. HP: 16/20 MP: 2/7
   289 | D:1      | Reached skill level 4 in Conjurations
   473 | D:1      | Learned a level 2 spell: Searing Ray
  1146 | D:2      | Reached XP level 3. HP: 24/26 MP: 0/8
  1158 | D:2      | Reached skill level 1 in Short Blades
  1280 | D:2      | HP: 1/26 [poisoned by an adder]
  1281 | D:2      | Succumbed to an adder's poison

Skill      XL: |  1  2  3 |
---------------+----------+-----
Dodging        | 2 |  2.1
Conjurations   | 4 |  4.0
Spellcasting   | 2 |  2.1
Short Blades   | 1 |  1.1
Fighting       | |  0.1
Stealth        | |  1.8

Action                   || total
-------------------------++-------
Melee: Dagger            ||    67
 Cast: Magic Dart        ||    53
  Use: Scroll            ||     4
  Eat: Ration            ||     1
Armor: Robe              ||     1
       Leather armour    ||    31
Dodge: Dodged            ||    67
